 Dungeon Crawl Stone Soup version 0.22-a0-283-g1871b15 (webtiles) character file.

30 vishdafish the Shield-Bearer (level 3, -9/29 HPs)
             Began as a Formicid Fighter on Mar 18, 2018.
             Mangled by a gnoll
             ... wielding a +0 flail
              (13 damage)
             ... on level 2 of the Dungeon.
             The game lasted 00:00:50 (748 turns).

vishdafish the Shield-Bearer (Formicid Fighter)      Turns: 748, Time: 00:00:50

Health: -9/29      AC:  7    Str: 20    XL:     3   Next: 37%
Magic:  3/3        EV:  8    Int:  8    God:
Gold:   71         SH:  9    Dex: 10    Spells: 2/2 levels left

rFire    . . .     SeeInvis +   a - +0 war axe
rCold    . . .     Gourm    .   c - +0 shield
rNeg     . . .     Faith    .   b - +0 scale mail
rPois    .         Spirit   .   (helmet unavailable)
rElec    .         Reflect  .   (no cloak)
rCorr    .         Harm     .   (no gloves)
MR       .....                  (no boots)
Stlth    ..........             (no amulet)
HPRegen  0.09/turn              (no ring)
MPRegen  0.08/turn              (no ring)

@: no status effects
A: permanent stasis, dig shafts and tunnels, four strong arms, antennae 3
a: Dig, Shaft Self


You were on level 2 of the Dungeon.
You were not hungry.

You visited 1 branch of the dungeon, and saw 2 of its levels.

You collected 71 gold pieces.

Inventory:

Hand Weapons
 a - a +0 war axe (weapon)
Armour
 b - a +0 scale mail (worn)
 c - a +0 shield (worn)
Jewellery
 k - an uncursed ring of stealth {unknown}
Scrolls
 e - a scroll of noise {unknown}
 h - a scroll of blinking {unknown}
 j - 2 scrolls of amnesia {unknown}
 l - a scroll of teleportation {unknown}
 m - 3 scrolls of identify {unknown}
 n - 2 scrolls of remove curse {unknown}
Potions
 d - a potion of might
 g - a potion of invisibility {unknown}
 i - a potion of agility {unknown}
Comestibles
 f - 3 rations


   Skills:
 + Level 3.5 Fighting
 + Level 2.5 Axes
 + Level 3.8 Armour
 + Level 4.0 Shields


You had 2 spell levels left.
You didn't know any spells.

Dungeon Overview and Level Annotations

Branches:
Dungeon (2/15)

Altars:


Innate Abilities, Weirdness & Mutations

You cannot be hasted, slowed, berserked, paralysed or teleported.
You can dig through walls and to a lower floor.
Your four strong arms can wield two-handed weapons with a shield.
You have a pair of large antennae on your head. (SInv)


Message History

The gnoll barely misses you. You block the gnoll's attack.
The gnoll hits you from afar with a spear.
You closely miss the gnoll.
The gnoll is almost dead.
The gnoll barely misses you. The gnoll hits you with a flail!
* * * LOW HITPOINT WARNING * * *
You are too injured to fight recklessly!
You are too injured to fight recklessly!
You are too injured to fight recklessly!
You are too injured to fight recklessly!
There are monsters nearby!
The gnoll throws a stone.
The stone hits you but does no damage.
You see here a stone.
The gnoll throws a stone.
The stone hits you.
* * * LOW HITPOINT WARNING * * *
You see here a stone.
The gnoll throws a stone.
The stone barely misses you.
There is a stone staircase leading up here.
The gnoll hits you with a flail!
You die...

#.#.........................
#.#..........#....##.......#
#.#..........<<..........###
#.........#.#.#..#.##...(###
###.........................
#.......#....#####........
#......##...†....#....####
#......##..†.)........##..
##.....##@.(.......#.^....
##.....##g..[.....##..##..
#.......#g###.....##......
#.......#(###...##........
#........g......#.........
#......(.......##.........
#.........................
#......†.......##....#....
######.........##....#####


You could see 3 gnolls.

Vanquished Creatures
  A worm (D:2)
  A ball python (D:2)
  A giant cockroach (D:1)
  2 goblins (D:1)
  4 hobgoblins
  A quokka (D:2)
  4 bats
  2 frilled lizards
  6 kobolds
  5 rats
27 creatures vanquished.

Notes
Turn   | Place    | Note
-------+----------+-------------------------------------------
     0 | D:1      | vishdafish the Formicid Fighter began the quest for the Orb.
     0 | D:1      | Reached XP level 1. HP: 18/18 MP: 1/1
   163 | D:1      | Reached XP level 2. HP: 24/24 MP: 2/2
   634 | D:2      | Reached skill level 4 in Shields
   634 | D:2      | Reached XP level 3. HP: 29/29 MP: 3/3
   748 | D:2      | Mangled by a gnoll

Vault maps used:
D:1:      wheals_arrival_shading, minmay_cupped
D:2:      first_ration

Skill      XL: |  1  2 |
---------------+-------+-----
Shields        | 4 |  4.0
Fighting       | |  3.5
Axes           | |  2.5
Armour         | |  3.8

Action                   || total
-------------------------++-------
Melee: War axe           ||    85
Armor: Scale mail        ||    48
Dodge: Dodged            ||    32
Block: Shield            ||    41

Table legend:
 A = Spawn XP
 B = Non-spawn XP
 C = Spawn XP percentage of total XP
 D = Spawn monster count
 E = Non-spawn monster count
 F = Spawn count percentage of total count
 G = Total turns spent on level
                    A         B        C        D         E        F      G
               +---------+---------+-------+---------+---------+-------+---------
         Total |       0 |      44 |   0.0 |       0 |      27 |   0.0 |   748
               +---------+---------+-------+---------+---------+-------+---------
           D:1 |       0 |      20 |   0.0 |       0 |      13 |   0.0 |   604
           D:2 |       0 |      24 |   0.0 |       0 |      14 |   0.0 |   144
               +---------+---------+-------+---------+---------+-------+---------
